 Seeded DCSS version 0.28-a0-1567-g1695149f81 (webtiles) character file.

Game seed: 471 (custom seed)

4839 knot the Cleaver (level 10, 0/108 HPs)
             Began as a Demonspawn Berserker on Jan 20, 2022.
             Was a Believer of Trog.
             Slain by a troll (1 damage)
             ... on level 9 of the Dungeon.
             The game lasted 00:11:55 (9447 turns).

knot the Cleaver (Demonspawn Berserker)             Turns: 9447, Time: 00:11:55

Health: 0/108      AC:  7    Str: 24    XL:     10   Next: 25%
Magic:  0/10       EV: 11    Int: 17    God:    Trog [**....]
Gold:   518        SH:  0    Dex:  8    Spells: 9/9 levels left

rFire   + . .      SeeInvis .   f - +8 frozen axe "Frostbite" {freezing cloud, *Noise Fly rC+}
rCold   + . .      Faith    .   (shield currently unavailable)
rNeg    . . .      Spirit   +   j - +3 leather armour of Card Tricks {Int+5 Dex-5 Slay+5}
rPois   .          Reflect  .   (helmet restricted)
rElec   .          Harm     .   (no cloak)
rCorr   .          Rampage  .   (no gloves)
Will    ++...                   (no boots)
Stlth   ..........              k - amulet of regeneration
HPRegen 2.08/turn               o - +6 ring of strength
MPRegen 0.24/turn               l - ring of protection from fire

@: berserking, strong-willed (expiring), flying, regenerating (expiring), very
quick
A: horns 2, rugged brown scales 1, magic shield, magic regeneration
a: Renounce Religion, Berserk, Trog's Hand


You were on level 9 of the Dungeon.
You worshipped Trog.
Trog was pleased with you.
You visited 2 branches of the dungeon, and saw 10 of its levels.

You collected 518 gold pieces.

Inventory:

Hand Weapons
 a - a +0 hand axe
 f - the +8 frozen axe "Frostbite" (weapon) {freezing cloud, *Noise Fly rC+}
   (You acquired it on level 4 of the Dungeon)

   It freezes those it strikes, dealing additional cold damage.
   It can also slow down cold-blooded creatures.
   It occasionally leaves clouds of freezing vapour upon striking a foe.
   It grants immunity to clouds of freezing vapour.
   rC:        It protects you from cold.
   Fly:       It grants you flight.
   *Noise:    It may make noises in combat.
 h - a +0 battleaxe
 A - a +1 trident of protection
 G - the +7 great sword of the Real Monster {spect, Str+4}
   (You found it on level 8 of the Dungeon)

   When its wielder attacks, the weapon's spirit leaps out and strikes again.
   The spirit shares a part of any damage it takes with its wielder.
   Str:       It affects your strength (+4).
Missiles
 b - 182 stones
 c - 18 poisoned darts (quivered)
 C - 3 javelins
Armour
 j - the +3 leather armour of Card Tricks (worn) {Int+5 Dex-5 Slay+5}
   (You found it on level 3 of the Dungeon)

   Int:       It affects your intelligence (+5).
   Dex:       It affects your dexterity (-5).
   Slay:      It affects your accuracy & damage with ranged weapons and melee
   (+5).
 q - the +0 leather armour of the Mind {Int+4 Slay+2}
   (You found it on level 5 of the Dungeon)

   Int:       It affects your intelligence (+4).
   Slay:      It affects your accuracy & damage with ranged weapons and melee
   (+2).
 v - the +0 robe of the Teacher {rC+ SInv}
   (You took it off a goblin on level 3 of the Dungeon)

   rC:        It protects you from cold.
   SInv:      It lets you see invisible.
 w - a +1 robe of resistance
Jewellery
 k - an amulet of regeneration (around neck)
 l - a ring of protection from fire (right hand)
 o - a +6 ring of strength (left hand)
 u - a ring of resist corrosion
 E - a +4 ring of protection
Wands
 B - a wand of digging (6)
Scrolls
 d - a scroll of enchant armour
 m - a scroll of blinking {unknown}
 p - 2 scrolls of magic mapping {unknown}
 t - a scroll of fear {unknown}
 y - 2 scrolls of identify
 F - a scroll of amnesia {unknown}
Potions
 e - 2 potions of curing
 g - 6 potions of flight {unknown}
 i - 2 potions of haste {unknown}
 n - 4 potions of might {unknown}
 r - a potion of heal wounds {unknown}
 s - 3 potions of attraction {unknown}
 x - 2 potions of ambrosia {unknown}
 z - a potion of invisibility {unknown}
 D - a potion of magic {unknown}


   Skills:
 - Level 3.0 Fighting
 * Level 10.5 Axes
 * Level 9.5 Throwing
 - Level 1.7 Armour
 - Level 1.7 Dodging


You had 9 spell levels left.
You didn't know any spells.
Your spell library contained the following spells:

 Spells                   Type           Power      Damage    Failure   Level
 Animate Skeleton         Necr           0%         N/A       26%         1
 Pain                     Necr           0%         1d4       26%         1
 Sandblast                Erth           0%         2d4       26%         1
 Sting                    Tmut/Pois      0%         1d3       26%         1
 Blink                    Tloc           0%         N/A       38%         2
 Passwall                 Tmut/Erth      0%         N/A       38%         2
 Poisonous Vapours        Pois/Air       0%         N/A       38%         2
 Ignite Poison            Fire/Tmut/Pois 0%         N/A       63%         3
 Mephitic Cloud           Conj/Pois/Air  0%         N/A       63%         3
 Ozocubu's Armour         Ice            0%         N/A       63%         3
 Stone Arrow              Conj/Erth      0%         3d7       63%         3
 Vampiric Draining        Necr           0%         2d6       63%         3
 Olgreb's Toxic Radiance  Pois           0%         N/A       95%         4
 Petrify                  Tmut/Erth      0%         N/A       95%         4
 Freezing Cloud           Conj/Ice/Air   0%         6-21      100%        5
 Manifold Assault         Tloc           0%         N/A       100%        5
 Statue Form              Tmut/Erth      0%         N/A       100%        6
 Dragon Form              Tmut           0%         N/A       100%        7
 Ozocubu's Refrigeration  Ice            0%         4d5       100%        7
 Storm Form               Tmut/Air       0%         N/A       100%        7


Dungeon Overview and Level Annotations

Branches:
Dungeon (9/15)             Temple (1/1) D:5
   Lair: D:8-11         Orc: D:9-12

Altars:
Ashenzari
Elyvilon
Gozag
Hepliaklqana
Makhleb
Nemelex Xobeh
Qazlal
Sif Muna
Uskayaw
Wu Jian
Xom
Yredelemnul
Zin
The Shining One
Lugonu


Innate Abilities, Weirdness & Mutations

You have a pair of horns on your head.
You are partially covered in rugged brown scales. (AC +1, +3% HP)
When hurt, damage is shared between your health and your magic reserves.
You regenerate magic rapidly.


Message History

The yak barely misses you. The yak gores you but does no damage.
There is an open door, spattered with blood here.
Things that are here:
a water moccasin corpse; a wyvern corpse You feel the effects of Trog's Hand fading.
The yak gores you.
You slash the yak! You freeze the yak. You headbutt the yak!
The yak is severely wounded.
The yak snorts and paws the ground.
The yak gores you!
* * * LOW HITPOINT WARNING * * *
The orc hits something with a +0 dagger.
Unknown command.
A red film seems to cover your vision as you go berserk!
You feel yourself moving faster!
You feel mighty! The yak gores you!
* * * LOW HITPOINT WARNING * * *
The orc hits something but does no damage.
You slash the yak! You freeze the yak.
You kill the yak!
Trog accepts your kill.
You slice the troll!! You freeze the troll.
The troll is severely wounded.
You slice the wyvern!! You freeze the wyvern!
You kill the wyvern!
Trog accepts your kill. The troll bites you!
* * * LOW HITPOINT WARNING * * *
The troll claws you.
* * * LOW HITPOINT WARNING * * *
The troll closely misses you.
You barely miss the troll.
The troll is severely wounded.
You slice the yak!! You freeze the yak.
The water moccasin bites something but does no damage.
The troll bites you!
* * * LOW HITPOINT WARNING * * *
The troll claws you!
* * * LOW HITPOINT WARNING * * *
The troll claws you.
You die...

## .. .# ########
.# .#......#####.#
........##T@YY#
#.....<...##Y.....P
#......#### [Y.....
#......# .oS.P..
........# .P.....
##......#


.PSP.P. #####.## ##.♣... .. ..... ## You could see 4 yaks, a troll and a water
moccasin.

Vanquished Creatures
  A two-headed ogre (D:8)
  Pikel (D:8)
  Prince Ribbit (D:7)
  2 wyverns (D:9)
  2 yaks (D:9)
  2 steam dragons
  Duvessa (D:7)
  3 water moccasins
  An orc warrior (D:7)
  A sky beast (D:7)
  2 black bears (D:6)
  An ice beast (D:6)
  A necrophage (D:5)
  2 ogres (D:5)
  4 centaurs
  4 bullfrogs
  2 wyvern zombies
  A scorpion (D:5)
  A wyvern skeleton (D:7)
  2 water moccasin skeletons
  Dowan (D:7)
  A centaur zombie (D:8)
  A jelly (D:5)
  2 centaur skeletons (D:4)
  A gnoll shaman (D:6)
  An orc priest (D:7)
  A hound (D:5)
  5 iguanas
  2 scorpion zombies (D:5)
  An orc wizard (D:7)
  2 hound skeletons (D:4)
  A howler monkey zombie (D:8)
  A howler monkey skeleton (D:5)
  9 adders
  6 gnolls
  An ufetubus (D:4)
  2 adder skeletons (D:4)
  2 worms (D:2)
  A dart slug (D:3)
  15 orcs
  9 ball pythons
  3 endoplasms
  5 giant cockroaches
  6 goblins
  6 hobgoblins
  3 jackals (D:4)
  6 kobolds (D:3)
  6 quokkas
  5 bats
  3 frilled lizards
  2 quokka skeletons (D:4)
  7 rats
152 creatures vanquished.

Vanquished Creatures (others)
  2 fungi (D:9)
  2 plants (D:9)
4 creatures vanquished.

Grand Total: 156 creatures vanquished

Notes
Turn   | Place    | Note
-------+----------+-------------------------------------------
     0 | D:1      | knot the Demonspawn Berserker began the quest for the Orb.
     0 | D:1      | Reached XP level 1. HP: 18/18 MP: 1/1
    48 | D:1      | Reached skill level 3 in Axes
   192 | D:1      | Found a faded altar of an unknown god.
   312 | D:1      | Gained mutation: You have a pair of small horns on your
                  | head. [demonic ancestry]
   312 | D:1      | Reached XP level 2. HP: 24/24 MP: 2/2
  1210 | D:2      | Gained mutation: You regenerate magic rapidly. [demonic
                  | ancestry]
  1210 | D:2      | Reached XP level 3. HP: 12/29 MP: 3/3
  1504 | D:2      | Reached skill level 4 in Axes
  2571 | D:2      | Reached skill level 1 in Throwing
  2571 | D:2      | Gained mutation: You have a pair of horns on your head.
                  | [demonic ancestry]
  2571 | D:2      | Reached XP level 4. HP: 10/35 MP: 4/4
  4181 | D:3      | Identified the +0 robe of the Teacher {rC+ SInv}
  4330 | D:3      | Found a shimmering altar of Xom.
  4659 | D:3      | Reached XP level 5. HP: 41/41 MP: 5/5
  4836 | D:3      | Identified the +3 leather armour of Card Tricks {Int+5
                  | Dex-5 Slay+5}
  4941 | D:3      | Reached skill level 5 in Axes
  5268 | D:4      | Found a sparkling altar of Nemelex Xobeh.
  5275 | D:4      | Noticed a centaur
  5279 | D:4      | Killed a centaur
  5280 | D:4      | Reached XP level 6. HP: 39/47 MP: 6/6
  5396 | D:4      | Reached ** piety under Trog
  5701 | D:4      | Found a stormy altar of Qazlal.
  5845 | D:5      | Entered Level 5 of the Dungeon
  5863 | D:4      | Identified a scroll of acquirement
  5863 | D:4      | Acquired the +8 frozen axe "Frostbite" {freezing cloud,
                  | *Noise Fly rC+}
  5863 | D:4      | Found the +8 frozen axe "Frostbite" {freezing cloud, *Noise
                  | Fly rC+}
  6030 | D:5      | Reached XP level 7. HP: 47/52 MP: 7/7
  6107 | D:5      | Reached skill level 6 in Axes
  6118 | D:5      | Identified the +0 leather armour of the Mind {Int+4 Slay+2}
  6208 | D:5      | Found a staircase to the Ecumenical Temple.
  6257 | Temple   | Entered the Ecumenical Temple
  6693 | D:5      | Reached skill level 5 in Throwing
  7184 | D:6      | Reached skill level 7 in Axes
  7184 | D:6      | Gained mutation: When hurt, damage is shared between your
                  | health and your magic reserves. [demonic ancestry]
  7184 | D:6      | Reached XP level 8. HP: 58/58 MP: 8/8
  7383 | D:6      | Found a burning altar of Makhleb.
  7484 | D:6      | Reached skill level 8 in Axes
  7485 | D:6      | Got the Handbook of Transmutation
  8075 | D:7      | Noticed Prince Ribbit
  8081 | D:7      | Killed Prince Ribbit
  8082 | D:7      | Reached XP level 9. HP: 62/63 MP: 7/9
  8302 | D:7      | Noticed Duvessa
  8323 | D:7      | Killed Duvessa
  8339 | D:7      | Noticed Dowan
  8357 | D:7      | Killed Dowan
  8405 | D:7      | Reached skill level 9 in Axes
  8456 | D:7      | Found an opulent altar of Gozag.
  8664 | D:8      | Noticed Pikel
  8671 | D:8      | Killed Pikel
  8957 | D:8      | Noticed a two-headed ogre
  8967 | D:8      | Killed a two-headed ogre
  8968 | D:8      | Reached skill level 10 in Axes
  8983 | D:8      | Gained mutation: You are partially covered in rugged brown
                  | scales. (AC +1, +3% HP) [demonic ancestry]
  8983 | D:8      | Reached XP level 10. HP: 52/72 MP: 8/10
  9049 | D:8      | Found a shimmering blue altar of Sif Muna.
  9400 | D:8      | Identified the +7 great sword of the Real Monster {spect,
                  | Str+4}
  9447 | D:9      | HP: 1/108 [troll (8)]
  9447 | D:9      | Slain by a troll

Illustrated notes

Levels and vault maps discovered:
D:1:      heliophobic_arrival_enchanted_forest, layout_basic,
          chequers_ecumenical_altar_simple_redux
D:2:      layout_loops_corners
D:3:      minmay_octagon_keep, layout_basic, xom_teletrap_fun
D:4:      layout_loops_ring, nemelex_diamond_rough_becter,
          gammafunk_temple_overflow_statue
D:5:      layout_layer_cave, minmay_temple_entry_large_hall
D:6:      layout_cave_pools, mainiacjoe_overflow_cross_hatched
D:7:      layout_loops_ring, general_overflow_altar,
          hangedman_decor_peaks_small, uniq_prince_ribbit1, uniq_duvessa
D:8:      layout_basic, mainiacjoe_overflow_concentric_impassable, uniq_pikel
D:9:      layout_roguey, grunt_temple_overflow_bloody_war,
          fedhas_bush_and_centaur_altar, old_standard_altar, slow_altar_1,
          mainiacjoe_overflow_six_doors_small, minmay_lair_entry_grove
Temple:   corrupted_temple

Skill      XL: |  1  2  3  4  5  6  7  8  9 |
---------------+----------------------------+-----
Axes           | 3 4 5 7 8 10 | 10.5
Throwing       | 1 3 4 5 7 9 |  9.5
Fighting       | |  3.0
Armour         | |  1.7
Dodging        | |  1.7

Action                   |  1- 3 |  4- 6 |  7- 9 | 10-12 || total
-------------------------+-------+-------+-------+-------++-------
Melee: Hand axe          |    89 |    52 |       |       ||   141
       Headbutt          |    14 |    22 |    15 |     7 ||    58
       Battleaxe         |       |    63 |       |       ||    63
       Executioner's axe |       |     4 |    94 |    20 ||   118
Throw: Dart              |     2 |    13 |    26 |       ||    41
Invok: Berserk           |     6 |     3 |     3 |     1 ||    13
       Trog's Hand       |       |       |     1 |     1 ||     2
  Use: Scroll            |       |     8 |       |       ||     8
       Potion            |       |       |     1 |       ||     1
 Stab: Sleeping          |       |     1 |       |       ||     1
Armor: Animal skin       |    20 |    11 |       |       ||    31
       Ring mail         |       |    11 |       |       ||    11
       Leather armour    |       |    25 |    25 |    12 ||    62
Dodge: Dodged            |    62 |    76 |    53 |    13 ||   204

Table legend: (Time is in decaauts)
 A = Elapsed time spent in this place.
 B = Non-inter-level travel time spent in this place.
 C = Inter-level travel time spent in this place.
 D = Time resting spent in this place.
 E = Time spent auto-exploring this place.
 F = Levels seen in this place.
 G = Mean time per level.
                   A        B        C        D        E       F      G
               +--------+--------+--------+--------+--------+-----+--------+
         Total |   9654 |   9216 |    438 |   2370 |   5747 |  10 |  965.4 |
       Dungeon |   9510 |   9084 |    426 |   2270 |   5720 |   9 | 1056.7 |
        Temple |    144 |    132 |     12 |    100 |     27 |   1 |  144.0 |
               +--------+--------+--------+--------+--------+-----+--------+

Top non-repeatable levels by time:
     D:2: 2399 daAuts
     D:3: 1813 daAuts
     D:7: 1218 daAuts
     D:5: 1052 daAuts
     D:1: 1017 daAuts
     D:4: 908 daAuts
     D:8: 596 daAuts
     D:6: 474 daAuts
  Temple: 144 daAuts
     D:9: 29 daAuts
